 Dungeon Crawl Stone Soup version 0.30-a0-585-g93115170b9 (webtiles) character file.

Game seed: 17494429725128049858

78346 arthad the Nimble (level 15, -3/70 HPs)
             Began as a Felid Summoner on Jan 2, 2023.
             Was an Initiate of Gozag.
             Slain by a spark wasp (4 damage)
             ... on level 3 of the Spider Nest on Jan 3, 2023.
             The game lasted 03:29:49 (34154 turns).

arthad the Nimble (Felid Summoner)                 Turns: 34154, Time: 03:29:50

Health: -3/70      AC:  3    Str:  4    XL:     15   Next: 17%
Magic:  43/49      EV: 27    Int: 25    God:    Gozag
Gold:   2381       SH:  0    Dex: 16    Spells: 2/36 levels left
                                        Lives:  0   Deaths: 3

rFire   + . .      SeeInvis +      - Unarmed
rCold   + + .      Faith    .    (shield unavailable)
rNeg    + . .      Spirit   .    (body armour unavailable)
rPois   +          Reflect  .    (helmet unavailable)
rElec   +          Harm     .    (cloak unavailable)
rCorr   +          Rampage  .    (gloves unavailable)
Will    +++++      Clarity  +    (boots unavailable)
Stlth   +++                      S - amulet of the Four Winds {rN+ Will+++ Clar}
HPRegen 0.31/turn                b - ring of magical power
MPRegen 0.31/turn                U - ring of magical power

@: resistant, quick
A: very small, claws 1, fangs 3, see invisible, speed 1, shaggy fur 3, stealthy
paws, no weapons or thrown items, no armour, multi-lived
a: Renounce Religion, Potion Petition, Call Merchant, Bribe Branch


You were on level 3 of the Spider Nest.
You worshipped Gozag.
Gozag was most pleased with you.
You visited 5 branches of the dungeon, and saw 26 of its levels.
You also visited: Sewer and Bailey.

You collected 9042 gold pieces.
You spent 2263 gold pieces at shops.
You paid 4398 gold pieces to Gozag.

Inventory:

Hand Weapons
 M - the +7 great mace "Firestarter" {inner flame, rF++}
   (You found it on level 4 of the Lair of Beasts)

   It burns those it strikes, dealing additional fire damage.
   It fills those it strikes with an explosive inner flame.
   It grants immunity to clouds of flame.
   rF:        It greatly protects you from fire.
 W - the +1 rapier "Abo Sope" {freeze, rF+ rCorr Dex+2 Stlth+}
   (You found it on level 1 of the Spider Nest)

   It freezes those it strikes, dealing additional cold damage.
   It can also slow down cold-blooded creatures.
   Dex:       It affects your dexterity (+2).
   rF:        It protects you from fire.
   rCorr:     It protects you from acid and corrosion.
   Stlth:     It makes you more stealthy.
Armour
 w - the +10 Black Knight's barding {ponderous, rPois rN+}
   (You found it in a bailey)

   rPois:     It protects you from poison.
   rN:        It protects you from negative energy.
Jewellery
 b - a ring of magical power (left paw)
 q - a ring of protection from cold
 r - a +6 ring of dexterity
 y - a ring of ice
 z - a ring of flight
 J - an amulet of regeneration
 O - an amulet of magic regeneration
 S - the amulet of the Four Winds (around neck) {rN+ Will+++ Clar}
   (You bought it in a shop on level 2 of the Lair of Beasts)

   [amulet of nothing]

   rN:        It protects you from negative energy.
   Clar:      It protects you against confusion.
   Will:      It greatly increases your willpower.
 T - an amulet of the acrobat
 U - a ring of magical power (right paw)
 V - a ring of ice
Wands
 g - a wand of polymorph (4)
 m - a wand of flame (14)
 B - a wand of light (13)
 H - a wand of digging (14)
 K - a wand of roots (3)
 L - a wand of paralysis (3)
Scrolls
 d - a scroll of blinking
 j - 5 scrolls of enchant weapon
 s - 3 scrolls of vulnerability
 A - 3 scrolls of poison
 C - 5 scrolls of identify
 E - 2 scrolls of amnesia
 F - 2 scrolls of magic mapping
 P - 2 scrolls of enchant armour
 X - a scroll of teleportation
Potions
 a - 4 potions of magic
 c - 10 potions of degeneration
 f - 10 potions of attraction
 h - 3 potions of mutation
 i - 6 potions of haste
 l - 4 potions of might
 n - a potion of berserk rage
 o - 7 potions of lignification
 p - 3 potions of invisibility
 u - 2 potions of cancellation
 v - 5 potions of flight
 G - 2 potions of ambrosia
 I - 4 potions of brilliance
Miscellaneous
 x - a phantom mirror
 Q - a phial of floods (inert)
 R - a phantom mirror


   Skills:
 + Level 11.1 Fighting
 + Level 14.4 Dodging
 - Level 4.8 Stealth
 + Level 7.1 Unarmed Combat
 - Level 11.4 Spellcasting
 - Level 10.0 Hexes
 - Level 14.1 Summonings
 - Level 3.8 Necromancy
 * Level 9.5 Transmutations
 * Level 11.1 Air Magic
 - Level 5.0 Evocations


You had 2 spell levels left.
You knew the following spells:

 Your Spells              Type           Power      Damage    Failure   Level
a - Summon Small Mammal   Summ           100%       N/A       0%          1
b - Call Imp              Summ           71%        N/A       1%          2
c - Call Canine Familiar  Summ           71%        N/A       1%          3
d - Summon Guardian Gole  Hex/Summ       65%        N/A       1%          3
e - Summon Lightning Spi  Summ/Air       67%        N/A       1%          4
f - Swiftness             Air            63%        N/A       1%          3
g - Wereblood             Tmut           58%        N/A       1%          2
h - Yara's Violent Unrav  Hex/Tmut       29%        3d12      2%          5
i - Anguish               Hex/Necr       24%        N/A       2%          4
j - Storm Form            Tmut/Air       30%        N/A       45%         7

Your spell library contained the following spells:

 Spells                   Type           Power      Damage    Failure   Level
 Beastly Appendage        Tmut           100%       N/A       1%          1
 Necrotise                Necr           100%       1d9       1%          1
 Slow                     Hex            100%       N/A       1%          1
 Cigotuvi's Dreadful Rot  Necr/Pois/Air  78%        N/A       1%          2
 Ensorcelled Hibernation  Hex/Ice        78%        N/A       1%          2
 Passwall                 Tmut/Erth      31%        N/A       1%          2
 Apportation              Tloc           28%        N/A       4%          1
 Foxfire                  Conj/Fire      56%        2x1d6     4%          1
 Momentum Strike          Conj/Tloc      28%        3d8       6%          2
 Confusing Touch          Hex            59%        N/A       1%          3
 Spider Form              Tmut/Pois      38%        N/A       1%          3
 Cause Fear               Hex            29%        N/A       1%          4
 Vampiric Draining        Necr           33%        2d8       2%          3
 Leda's Liquefaction      Hex/Erth       19%        N/A       5%          4
 Frozen Ramparts          Ice            28%        1d5       13%         3
 Metabolic Englaciation   Hex/Ice        19%        N/A       16%         5
 Freezing Cloud           Conj/Ice/Air   16%        6-21      26%         5
 Enfeeble                 Hex            29%        N/A       52%         7
 Dragon Form              Tmut           29%        N/A       56%         7
 Statue Form              Tmut/Erth      25%        N/A       67%         6
 Fireball                 Conj/Fire      7%         3d5       75%         5
 Lee's Rapid Deconstruct  Erth           7%         3d6*      75%         5
 Starburst                Conj/Fire      7%         6d4       100%        6
 Dragon's Call            Summ           35%        N/A       100%        9
 Polar Vortex             Ice            7%         N/A       100%        9
 Portal Projectile        Hex/Tloc       Unusable   N/A       N/A         3
 Simulacrum               Ice/Necr       Unusable   N/A       N/A         6

Dungeon Overview and Level Annotations

Branches:
Dungeon (15/15)            Temple (1/1) D:6            Lair (5/5) D:9
 Shoals (0/4) Lair:3       Spider (3/4) Lair:2        Slime (0/5) Lair:5
    Orc (2/2) D:10            Elf (0/3) Orc:2        Vaults (0/5) D:14
 Depths (0/4) D:15          Sewer (visited)          Bailey (visited)

Altars:
Ashenzari
Cheibriados
Dithmenos
Elyvilon
Fedhas
Gozag
Hepliaklqana
Kikubaaqudgha
Makhleb
Nemelex Xobeh
Okawaru
Qazlal
Ru
Sif Muna
Trog
Uskayaw
Vehumet
Wu Jian
Xom
Yredelemnul
Zin
The Shining One
Jiyva

Shops:
D:12 [   D:15 ==:   Orc:2 ([[[   Lair:2 =:

Annotations:
D:5 3 runed translucent doors, Encipher's ghost, weakling DjDe
D:8 3 runed translucent doors, Zonian's ghost, novice VSBr; purpskrrrp's ghost, novice DsFi
D:11 Psyche
D:12 Gastronok
Temple 4 transporters
Lair:2 1 runed translucent door, Heh's ghost, journeyman OpVM
Spider:1 2 runed translucent doors, sokol815's ghost, adept KoDe


Innate Abilities, Weirdness & Mutations

You have sharp claws.
You have razor-sharp teeth.
You have supernaturally acute eyesight. (SInv)
You cover ground quickly. (Speed+)
Your thick and shaggy fur keeps you warm. (AC +3, rC+)
Your paws help you pounce on unaware monsters.
You are incapable of wielding weapons or throwing items.
You cannot wear armour.
You gain extra lives every three experience levels.


Message History

You scratch the spark wasp.
You bite the spark wasp, but do no damage.
The spark wasp is lightly wounded.
The spark wasp completely misses you.
Aim the phial where?
Press: ? - help, Shift-Dir - straight line, f - spark wasp
Aim: a spark wasp (purple smoke, lightly wounded, ally target)
The torrent of water hits the spark wasp!
The spark wasp is lightly wounded.
The spark wasp is knocked back by the torrent of water.
The wave splashes down.
Splash!
You fall into the shallow water.
Moving in this stuff is going to be slow.
The spark wasp is engulfed in water.
The spark wasp attacks as you move away!
The spark wasp completely misses you.
Found 14 gold pieces.
The spark wasp stings you.
* * * LOW HITPOINT WARNING * * *
The spark wasp shocks you. You resist.
* * * LOW HITPOINT WARNING * * *
Aiming: Throw Flame
Press: ? - help, Shift-Dir - straight line, f/p - spark wasp
Aim: a spark wasp (lightly wounded, unaffected by silence, waterlogged, ally target, 60% to hit)
The puff of flame misses the spark wasp.
The spark wasp is engulfed in a cloud of scalding steam.
The spark wasp closely misses you.
The spark wasp is engulfed in a cloud of scalding steam.
The spark wasp completely misses you.
Aiming: Throw Flame
Press: ? - help, Shift-Dir - straight line, f/p - spark wasp
Aim: a spark wasp (steam, moderately wounded, unaffected by silence, waterlogged, ally target, 60% to hit)
The puff of flame hits the spark wasp.
The spark wasp is moderately wounded.
The spark wasp is engulfed in a cloud of scalding steam.
The spark wasp stings you.
* * * LOW HITPOINT WARNING * * *
The spark wasp shocks you. You resist.
You die...
Your body crumbles into a pile of gold.

... .## ..####.. #$
...8. .# #ยงยง# .# #.#
###.# #.###...#
#~##...# ###~~~~..#
#.....#
#^~~~9y@.###.....#.
....##~#~~..##.......#
## #.#
#.##~..##.......# . ..
##.###.##.......# . .
#.[#......^## .
##.#........# ### #.
#..........###..
#.#.......^.^...
###...##..##....


You could see a spark wasp (unsilenced, waterlogged, ally target) and a friendly
guardian golem (summoned, inner flame).

Vanquished Creatures
  An orc warlord (Bailey)
  A deep elf zephyrmancer (D:14)
  A mana viper (shapeshifter) (D:15)
  A wind drake (Lair:3)
  2 jumping spiders (Spider:2)
  A redback (Spider:2)
  A vampire mosquito (D:13)
  3 electric eels
  A quasit (D:9)
  An orc priest (D:8)
  A hell rat (Lair:3)
  2 orc wizards (Orc:2)
  A howler monkey zombie (D:8)
  3 orcs
  A jackal (Sewer)
  A bat (D:1)
  A frilled lizard (D:1)
23 creatures vanquished.

Vanquished Creatures (collateral kills)
  Saint Roka (Orc:2)
  Rupert (D:15)
  A fire giant (D:15)
  An emperor scorpion (Spider:2)
  Snorg (Lair:5)
  A fire dragon (shapeshifter) (D:14)
  Josephine (Orc:1)
  An ogre mage (D:15)
  A rakshasa (D:15)
  A hydra (Lair:2)
  A radroach (Spider:3)
  A catoblepas (Lair:5)
  3 boulder beetles
  3 two-headed ogres (D:15)
  A death scarab (Spider:2)
  6 death yaks (Lair:5)
  An orc high priest (Orc:2)
  A deep elf knight (D:14)
  5 skeletal warriors
  An orb spider (Spider:2)
  5 steelbarb worms
  An orc knight (Bailey)
  An ugly thing (D:15)
  A deep elf zephyrmancer (D:14)
  2 lindwurms (Lair:5)
  4 orc sorcerers
  4 cyclopes
  4 manticores
  6 elephants (Lair:5)
  2 moths of wrath (Spider:2)
  Maurice (D:13)
  5 black mambas
  A smoke demon (D:9)
  3 torpor snails
  3 centaur skeletons (D:14)
  A demonic crawler (Spider:1)
  12 cane toads
  5 rime drakes
  A yaktaur (D:15)
  An unseen horror (shapeshifter) (D:14)
  4 komodo dragons
  2 kobold demonologists
  A tengu conjurer (D:15)
  2 red devils (D:9)
  9 tarantellas
  Grinder (D:4)
  A hornet (D:8)
  3 blink frogs (Lair:2)
  6 dream sheep (Lair:5)
  8 jumping spiders
  7 culicivoras (Spider:2)
  5 slime creatures
  A water elemental (D:11)
  5 shadows
  8 wraiths
  A vampire (D:11)
  35 yaks
  3 wyverns
  3 steam dragons
  5 vampire mosquitoes
  20 redbacks
  A chaos spawn (D:9)
  2 acid dragons
  2 wargs (Orc:2)
  20 water moccasins
  A hornet zombie (D:8)
  Pargi (Sewer)
  40 orc warriors
  An ice beast (D:6)
  A sky beast (D:6)
  8 wolves
  A boggart (D:14)
  10 centaurs
  7 ogres
  Blork the orc (D:4)
  2 kobold brigands
  10 bullfrogs
  4 necrophages
  2 gnoll sergeants
  4 scorpions
  5 wights (D:8)
  7 killer bees
  5 howler monkeys (D:12)
  A centaur zombie (D:8)
  A human zombie (D:8)
  2 hounds
  7 jellies
  30 orc priests
  Jessica (D:2)
  An iguana (D:6)
  Terence (D:3)
  4 hell rats (Lair:3)
  34 orc wizards
  A boggart skeleton (D:14)
  A killer bee zombie (D:8)
  3 mummies (D:8)
  A howler monkey zombie (D:8)
  19 gnolls
  3 adders
  A river rat (D:4)
  2 shadow imps
  12 white imps (Lair:2)
  2 worms
  3 dart slugs
  90 orcs
  9 ball pythons
  10 endoplasms
  5 giant cockroaches
  18 goblins
  14 hobgoblins
  6 jackals
  3 quokkas
  2 bats
  6 frilled lizards
  13 kobolds
  3 rats
670 creatures vanquished.

Vanquished Creatures (others)
  Nikola (Spider:2)
  An orc warlord (D:12)
  Harold (D:9)
  Erolcha (D:13)
  A catoblepas (Lair:1)
  5 hydras
  A two-headed ogre (D:10)
  3 centaur warriors
  3 boulder beetles
  2 death yaks (Lair:5)
  A tengu warrior (D:13)
  Sonja (D:10)
  A pharaoh ant (Spider:2)
  An orb spider (Spider:2)
  A wizard (D:14)
  A steelbarb worm (Spider:3)
  2 orc knights (D:12)
  2 deep elf pyromancers (D:14)
  3 wolf spiders
  2 manticores
  2 ugly things (D:15)
  3 black mambas
  3 elephants (Lair:5)
  A gargoyle (D:12)
  A moth of wrath (Spider:2)
  2 cane toads
  An unseen horror (shapeshifter) (D:14)
  Maggie (D:6)
  An efreet (D:15)
  3 komodo dragons
  2 tarantellas (Spider:2)
  2 trolls
  Prince Ribbit (D:6)
  6 jumping spiders
  3 culicivoras
  9 yaks
  A wyvern (Lair:4)
  A basilisk (Lair:5)
  9 redbacks
  2 vampire mosquitoes (D:12)
  A warg (Orc:2)
  3 water moccasins
  13 orc warriors
  An ice beast (D:6)
  An ogre (Orc:1)
  2 centaurs
  A kobold brigand (D:14)
  A bullfrog (Lair:1)
  A necrophage (D:5)
  A killer bee (D:9)
  An orc priest (D:10)
  An orc wizard (Orc:1)
  3 gnolls
  6 orcs
  3 hobgoblins (Bailey)
  37 fungi
  30 plants
194 creatures vanquished.

Grand Total: 887 creatures vanquished

Notes
Turn   | Place    | Note
-------+----------+-------------------------------------------
     0 | D:1      | arthad the Felid Summoner began the quest for the Orb.
     0 | D:1      | Reached XP level 1. HP: 7/7 MP: 4/4
   384 | D:1      | Reached XP level 2. HP: 11/11 MP: 3/6
  1273 | D:2      | Noticed Jessica
  1291 | D:1      | Learned a level 2 spell: Call Imp
  1299 | D:2      | Reached XP level 3. HP: 14/14 MP: 2/7
  1310 | D:2      | Learned a level 3 spell: Call Canine Familiar
  1515 | D:2      | Killed Jessica
  2134 | D:3      | Noticed Terence
  2147 | D:3      | Killed Terence
  2148 | D:3      | Reached XP level 4. HP: 18/18 MP: 4/9
  2623 | D:3      | Reached skill level 1 in Fighting
  2641 | D:3      | Reached XP level 5. HP: 22/22 MP: 0/10
  2902 | D:3      | Found a radiant altar of Vehumet.
  2939 | D:3      | You fall into a shaft and drop 2 floors!
  2939 | D:5      | Entered Level 5 of the Dungeon
  2992 | D:5      | Found a runed translucent gate.
  2993 | D:5      | Noticed Encipher's ghost (weakling DjDe)
  3018 | D:4      | Noticed Blork the orc
  3044 | D:4      | Killed Blork the orc
  3045 | D:4      | Reached skill level 5 in Summonings
  3139 | D:4      | Found a glowing drain.
  3163 | D:4      | Gained mutation: You are covered in thick fur. (AC +2)
                  | [Felid growth]
  3163 | D:4      | Reached XP level 6. HP: 26/26 MP: 5/12
  3193 | Sewer    | Entered a sewer
  3343 | Sewer    | Noticed Pargi
  3370 | Sewer    | Killed Pargi
  3504 | D:4      | Noticed Grinder
  3537 | D:4      | Killed Grinder
  3538 | D:4      | Reached skill level 5 in Dodging
  3538 | D:4      | Reached XP level 7. HP: 31/31 MP: 12/14
  3599 | D:4      | Learned a level 3 spell: Summon Guardian Golem
  3604 | D:4      | Learned a level 4 spell: Summon Lightning Spire
  3930 | D:4      | Found a white marble altar of Elyvilon.
  4071 | D:4      | Reached skill level 1 in Hexes
  4394 | D:5      | Identified the +7 sling of Caapeokk {speed, +Blink rN+
                  | Str+3 Dex+2}
  4394 | D:5      | Identified the +2 leather armour of Juap {Will+}
  4469 | D:5      | Found a runed translucent gate.
  4470 | D:5      | Found a runed translucent gate.
  4595 | D:5      | Reached skill level 1 in Air Magic
  4595 | D:5      | Reached XP level 8. HP: 34/34 MP: 16/16
  4900 | D:5      | Reached skill level 5 in Spellcasting
  5443 | D:6      | Noticed Maggie
  5491 | D:6      | Found a staircase to the Ecumenical Temple.
  5500 | Temple   | Entered the Ecumenical Temple
  5500 | Temple   | Found a transporter.
  5500 | Temple   | Found a transporter.
  5502 | Temple   | Found a transporter.
  5502 | Temple   | Found a transporter.
  5522 | Temple   | Became a worshipper of Gozag Ym Sagoz the Greedy
  5899 | D:6      | Killed Maggie
  5900 | D:6      | Reached skill level 5 in Hexes
  6664 | D:6      | Reached XP level 9. HP: 39/39 MP: 18/18
  6778 | D:6      | Noticed Prince Ribbit
  6793 | D:6      | Killed Prince Ribbit
  7915 | D:8      | Reached skill level 5 in Fighting
  7983 | D:8      | HP: 2/40 [orc priest/divine providence (11)]
  8126 | D:8      | Found a flagged portal.
  8179 | D:8      | Identified the +1 hand axe of the Hairy God {flame, rPois}
  8220 | D:8      | Reached XP level 10. HP: 44/44 MP: 19/21
  8277 | Bailey   | Entered a bailey
  8454 | Bailey   | Noticed an orc knight
  8463 | Bailey   | Killed an orc knight
  8573 | Bailey   | Reached skill level 5 in Air Magic
  8573 | Bailey   | Noticed an orc warlord
  8592 | Bailey   | Killed an orc warlord
  9149 | Bailey   | Found the +10 Black Knight's barding {ponderous, rPois rN+}
  9844 | D:8      | Found a basalt altar of Yredelemnul.
 10190 | D:8      | Found a runed translucent gate.
 10191 | D:8      | Found a runed translucent gate.
 10191 | D:8      | Found a runed translucent gate.
 10192 | D:8      | Noticed Zonian's ghost (novice VSBr)
 10193 | D:8      | Noticed purpskrrrp's ghost (novice DsFi)
 10397 | D:8      | Reached XP level 11. HP: 48/48 MP: 24/24
 10737 | D:9      | HP: 2/48 [red devil/+0 trident (15)]
 10740 | D:9      | Found a staircase to the Lair.
 11608 | D:9      | Noticed Harold
 11632 | D:9      | Killed Harold
 11858 | D:10     | Entered Level 10 of the Dungeon
 11858 | D:10     | Noticed Sonja
 11888 | D:10     | Killed Sonja
 11889 | D:10     | Reached skill level 10 in Summonings
 11903 | D:10     | Noticed a two-headed ogre
 11919 | D:10     | Killed a two-headed ogre
 12410 | D:10     | Found a staircase to the Orcish Mines.
 12629 | D:10     | Killed from afar by an electric eel
 12630 | D:10     | Reached XP level 10. HP: -1/46 MP: 24/33
 12630 | D:10     | Reached skill level 10 in Dodging
 12630 | D:10     | Reached XP level 11. HP: 50/50 MP: 25/25
 13699 | D:11     | Reached skill level 10 in Spellcasting
 13922 | D:12     | Noticed Psyche
 13922 | D:12     | Found Niper's Antique Armour Shoppe.
 13969 | D:11     | Learned a level 3 spell: Swiftness
 13972 | D:11     | Learned a level 2 spell: Wereblood
 14239 | D:12     | Gained mutation: Your thick and shaggy fur keeps you warm.
                  | (AC +3, rC+) [Felid growth]
 14239 | D:12     | Reached XP level 12. HP: 55/55 MP: 25/27
 14543 | D:12     | Noticed an orc warlord
 14647 | D:12     | Killed an orc warlord
 14811 | D:12     | Noticed Gastronok
 14935 | D:13     | Noticed a boulder beetle
 15002 | Lair:1   | Entered Level 1 of the Lair of Beasts
 15670 | Lair:1   | Noticed a catoblepas
 15695 | Lair:1   | Killed a catoblepas
 16363 | Lair:2   | Found a hole to the Spider Nest.
 16374 | Lair:2   | Learned a level 5 spell: Yara's Violent Unravelling
 16492 | Lair:2   | Found a runed translucent door.
 16548 | Lair:2   | Noticed Heh's ghost (journeyman OpVM)
 16603 | Lair:2   | Reached skill level 1 in Transmutations
 16603 | Lair:2   | Reached skill level 10 in Air Magic
 16708 | Lair:2   | Noticed a seven-headed hydra
 16716 | Lair:2   | Killed a seven-headed hydra
 16811 | Lair:2   | Bought a book of the Dragon for 874 gold pieces
 17453 | Lair:2   | Reached XP level 13. HP: 60/60 MP: 28/28
 18318 | Lair:3   | Found a staircase to the Shoals.
 18323 | Lair:3   | HP: 3/60 [wind drake/the air (16)]
 18705 | Lair:3   | Got the Secrets of the Glacier and Effluvium
 19097 | Lair:4   | Found the +7 great mace "Firestarter" {inner flame, rF++}
 19232 | Lair:4   | Got Xudghiafix's Anthology of Transforming Wanderlust
 19959 | Lair:5   | Entered Level 5 of the Lair of Beasts
 20380 | Lair:5   | Found a dark tunnel.
 20621 | Lair:5   | Found a staircase to the Slime Pits.
 20627 | Lair:5   | Found a viscous altar of Jiyva.
 20706 | Lair:2   | Bought the amulet of the Four Winds {rN+ Will+++ Clar} for
                  | 789 gold pieces
 20706 | Lair:2   | Found the amulet of the Four Winds {rN+ Will+++ Clar}
 20948 | Lair:5   | Noticed Snorg
 20964 | Lair:5   | Killed Snorg
 20965 | Lair:5   | Reached XP level 14. HP: 64/64 MP: 28/29
 21739 | Lair:5   | Reached skill level 5 in Evocations
 21818 | Lair:5   | Reached skill level 5 in Transmutations
 22075 | Lair:5   | Learned a level 4 spell: Anguish
 22273 | Orc:1    | Entered Level 1 of the Orcish Mines
 22293 | Orc:1    | Noticed Josephine
 22303 | Orc:1    | Killed Josephine
 22897 | Orc:2    | Entered Level 2 of the Orcish Mines
 23188 | Orc:2    | Found Diowkawn's Antique Armour Emporium.
 23366 | Orc:2    | Reached skill level 5 in Unarmed Combat
 23635 | Orc:2    | Found a staircase to the Elven Halls.
 23704 | Orc:2    | Reached skill level 1 in Necromancy
 23799 | Orc:2    | Noticed Saint Roka
 23815 | Orc:2    | Killed Saint Roka
 23816 | Orc:2    | Reached skill level 10 in Fighting
 24499 | Orc:2    | Found Pogyi's Antique Weapon Boutique.
 24501 | Orc:2    | Found Macvol's Antique Armour Shop.
 24884 | Orc:2    | Found Badghub's Antique Armour Boutique.
 26168 | D:13     | Noticed Erolcha
 26176 | D:13     | Killed Erolcha
 26404 | D:13     | Noticed Maurice
 26412 | D:13     | Killed Maurice
 27395 | D:14     | Reached XP level 15. HP: 41/69 MP: 28/31
 28155 | D:14     | Found a gate to the Vaults.
 28820 | D:15     | Entered Level 15 of the Dungeon
 28929 | D:15     | Found a staircase to the Depths.
 28929 | D:15     | Noticed a fire giant
 28950 | D:15     | Killed a fire giant
 28951 | D:15     | Reached skill level 10 in Hexes
 29890 | D:15     | Noticed Rupert
 29908 | D:15     | Killed Rupert
 30682 | D:15     | Bought Roxanne's Disquisition on Xenomorphic Bedrock for
                  | 600 gold pieces
 30690 | D:15     | Learned a level 7 spell: Storm Form
 30847 | Spider:1 | Entered Level 1 of the Spider Nest
 31224 | Spider:1 | Identified the +1 rapier "Abo Sope" {freeze, rF+ rCorr
                  | Dex+2 Stlth+}
 31473 | Spider:1 | Found a large runed translucent door.
 31473 | Spider:1 | Found a large runed translucent door.
 31474 | Spider:1 | Noticed sokol815's ghost (adept KoDe)
 31994 | Spider:2 | Blown up by an orb spider
 31995 | Spider:2 | Reached XP level 14. HP: -11/66 MP: 20/39
 32023 | Spider:2 | Noticed an emperor scorpion
 32383 | Spider:2 | Noticed Nikola
 32537 | Spider:2 | Killed from afar by Nikola
 32538 | Spider:2 | Reached XP level 13. HP: 0/63 MP: 17/38
 32538 | Spider:2 | Reached XP level 14. HP: 66/66 MP: 30/30
 32556 | Spider:2 | Killed an emperor scorpion
 32563 | Spider:2 | Killed Nikola
 32761 | Spider:2 | Reached XP level 15. HP: 37/70 MP: 31/31
 34154 | Spider:3 | HP: 1/70 [spark wasp (5)]
 34154 | Spider:3 | Slain by a spark wasp

Illustrated notes

Levels and vault maps discovered:
D:1:      dpeg_arrival_erosion, layout_loops_ring, serial_forest,
          infiniplex_forest_lined_2, infiniplex_forest_clump_large,
          infiniplex_forest_clump_long, infiniplex_forest_clump_small,
          infiniplex_forest_clump_large, serial_bayou_pond_e
D:2:      layout_rooms, uniq_jessica
D:3:      layout_basic, mainiacjoe_overflow_cross_hatched,
          chequers_serial_rivers_micro_d, chequers_serial_rivers_small_a,
          uniq_terence
D:4:      layout_rooms, mainiacjoe_overflow_six_doors_small,
          portal_sewer_entry_a, corner_web_ring, hangedman_decor_push,
          uniq_blork_the_orc, uniq_grinder
D:5:      layout_basic, biasface_ghost_orc_armoury,
          chequers_serial_rivers_micro_c, minmay_misc_feat_rugged
D:6:      layout_basic, minmay_temple_entry_arrows, uniq_prince_ribbit1,
          uniq_maggie
D:7:      layout_rooms, nrook_uturn
D:8:      layout_loops_corners, lemuel_mausoleum_altar_yredelemnul,
          enter_bailey_7, gammafunk_ghost_cemetery
D:9:      layout_gridville, dpeg_oklobed_lair, serial_demonic, serial_demonic_a,
          serial_demonic_a, serial_demonic_a, serial_demonic_g, uniq_harold
D:10:     layout_basic, david_orc_4, nicolae_kite_square_tiling_tiny, uniq_sonja
D:11:     layout_basic
D:12:     orc_temple, layout_long_grid, serial_shops, nicolae_stop_n_shop_2,
          uniq_gastronok, uniq_psyche
D:13:     layout_layer_cave, chequers_decorated_corner,
          minmay_misc_feat_columns, uniq_maurice, uniq_erolcha
D:14:     layout_small_grid, hangedman_vaults_entry_quadrant_bands,
          chequers_serial_rivers_micro_e
D:15:     grunt_enter_depths_giant_problem, layout_loops_corners,
          hangedman_decor_diamond_cutter, uniq_rupert
Temple:   hellmonk_temple_divided_pantheon
Lair:1:   layout_misc_corridors
Lair:2:   layout_chaotic_city, nicolae_spider_entry_non_spiders,
          ebering_ghost_reflecting_pool, portal_ice_cave_entry_imps,
          grunt_megastairs_2
Lair:3:   layout_roguey, minmay_shoals_entry_beasts
Lair:4:   layout_roguey, infiniplex_staircase_pool
Lair:5:   hangedman_lair_in_review, layout_gridlike,
          nicolae_slime_entry_field_trip, nicolae_volcano_entry_hallway,
          chequers_serial_rivers_micro_e, wad_woods_river_03, uniq_snorg
Spider:1: layout_spider_delve, ebering_ghost_disaster_area
Spider:2: layout_spider_delve, uniq_nikola
Spider:3: layout_chambers, nicolae_spider_acid_house
Orc:1:    layout_caves, uniq_josephine
Orc:2:    grunt_orc_community_town_hall, layout_caves,
          grunt_orc_community_big_house_2, grunt_orc_community_big_house_1,
          grunt_orc_community_house_1, grunt_orc_community_house_2,
          grunt_orc_community_house_1, grunt_orc_community_house_1,
          grunt_orc_community_house_1, grunt_orc_community_house_3,
          lightli_orcish_oven

Skill      XL: |  1  2  3  4  5  6  7  8  9 10 11 12 13 14 15 |
---------------+----------------------------------------------+-----
Stealth        | 3 4 |  4.8
Dodging        | 3 4 5 6 7 10 9 11 12 13 14 | 14.4
Spellcasting   | 3 4 5 7 8 10 11 | 11.4
Fighting       | 1 2 3 4 5 7 8 9 11 | 11.1
Summonings     | 5 6 7 8 9 10 11 12 13 14 | 14.1
Hexes          | 3 5 7 9 10 | 10.0
Air Magic      | 1 2 4 8 7 10 11 | 11.1
Unarmed Combat | 2 4 5 7 |  7.1
Evocations     | 2 4 5 |  5.0
Transmutations | 1 8 9 7 |  9.5
Necromancy     | 2 3 |  3.8

Action                   |  1- 3 |  4- 6 |  7- 9 | 10-12 | 13-15 || total
-------------------------+-------+-------+-------+-------+-------++-------
Melee: Unarmed           |    21 |     7 |    12 |    34 |    51 ||   125
       Bite              |     4 |       |     2 |     6 |     7 ||    19
 Cast: Summon Small Mamm |    69 |    36 |    85 |   108 |    81 ||   379
       Call Imp          |     5 |    14 |    30 |    43 |    84 ||   176
       Call Canine Famil |     1 |    10 |    29 |    70 |   136 ||   246
       Summon Guardian G |       |       |    21 |    84 |   177 ||   282
       Summon Lightning  |       |       |     9 |    77 |   219 ||   305
       Anguish           |       |       |       |       |    30 ||    30
       Yara's Violent Un |       |       |       |       |     2 ||     2
Invok: Call Merchant     |       |       |       |     2 |     3 ||     5
Evoke: Wand              |       |       |     1 |    14 |    13 ||    28
       Phial of floods   |       |       |       |       |     3 ||     3
       Phantom mirror    |       |       |       |       |     1 ||     1
  Use: Scroll            |       |     2 |     3 |    20 |    18 ||    43
       Potion            |       |       |     1 |     6 |    22 ||    29
 Stab: Distracted        |       |     1 |       |     1 |     5 ||     7
Armor: Skin              |     2 |       |     1 |     4 |    19 ||    26
Dodge: Dodged            |    29 |     8 |    55 |   177 |   354 ||   623

Table legend: (Time is in decaauts)
 A = Elapsed time spent in this place.
 B = Non-inter-level travel time spent in this place.
 C = Inter-level travel time spent in this place.
 D = Time resting spent in this place.
 E = Time spent auto-exploring this place.
 F = Levels seen in this place.
 G = Mean time per level.
                   A        B        C        D        E       F      G
               +--------+--------+--------+--------+--------+-----+--------+
         Total |  30582 |  29642 |    940 |   2372 |  19641 |  28 | 1092.2 |
       Dungeon |  17524 |  16847 |    677 |   1255 |  11452 |  15 | 1168.3 |
        Temple |     33 |     33 |      0 |      0 |      4 |   1 |   33.0 |
          Lair |   6308 |   6126 |    182 |    210 |   4191 |   5 | 1261.6 |
   Spider Nest |   3017 |   2977 |     40 |    618 |   1685 |   3 | 1005.7 |
  Orcish Mines |   2603 |   2563 |     40 |    217 |   1670 |   2 | 1301.5 |
         Sewer |    243 |    243 |      0 |     72 |     85 |   1 |  243.0 |
        Bailey |    852 |    852 |      0 |      0 |    551 |   1 |  852.0 |
               +--------+--------+--------+--------+--------+-----+--------+

Top non-repeatable levels by time:
  Lair:5: 1872 daAuts
   Orc:2: 1832 daAuts
    D:15: 1721 daAuts
Spider:2: 1682 daAuts
     D:8: 1643 daAuts
    D:12: 1418 daAuts
    D:14: 1362 daAuts
     D:6: 1358 daAuts
  Lair:2: 1333 daAuts
     D:9: 1306 daAuts
    D:13: 1297 daAuts
  Lair:3: 1231 daAuts
     D:1: 1136 daAuts
    D:10: 1127 daAuts
Spider:1: 1105 daAuts
